 Dungeon Crawl Stone Soup version 0.16.0-6-gad6103a (console) character file.

924 gw the Ruffian (level 8, -14/72 HPs)
             Began as a Naga Transmuter on Mar 15, 2015.
             Was an Initiate of Makhleb.
             Demolished by Menkaure (22 damage)
             ... on level 6 of the Dungeon.
             The game lasted 00:06:15 (6659 turns).

gw the Ruffian (Naga Transmuter)                    Turns: 6659, Time: 00:06:15

Health: -14/72     AC:  2    Str: 18    XL:     8   Next: 10%
Magic:  16/18      EV: 21    Int: 15    God:    Makhleb [......]
Gold:   288        SH:  0    Dex: 17    Spells: 4 memorised, 2 levels left

rFire  . . .     SeeInvis +       - Unarmed
rCold  . . .     Clarity  .     u - melded +0 robe {rF+}
rNeg   . . .     SustAb   .     (shield currently unavailable)
rPois  x         Gourm    .     (helmet currently unavailable)
rElec  .         Spirit   .     f - melded +0 cloak
rCorr  .         Warding  .     (gloves currently unavailable)
rMut   .         Stasis   .     (no barding)
MR     +....                    (no amulet)
Stlth  ++........               (no ring)
                                (no ring)

@: mighty, short of breath, spider-form (expiring), somewhat resistant to
hostile enchantments, unstealthy
A: spit poison, see invisible, (deformed body), (poison resistance), (slowness
0), AC +2
a: Spit Poison, End Transformation, Renounce Religion


You were on level 6 of the Dungeon.
You worshipped Makhleb.
Makhleb was noncommittal.
You were hungry.
You were a venomous arachnid creature.
You visited 1 branch of the dungeon, and saw 6 of its levels.

You collected 288 gold pieces.

Inventory:

Missiles
 b - 53 arrows
 e - 237 stones (quivered)
 h - 8 needles of paralysis
 o - 2 curare-tipped needles
 p - 12 arrows of flame
 t - 39 poisoned needles
Armour
 f - a +0 cloak (melded)
 u - a +0 robe of fire resistance (melded)
Magical devices
 s - a wand of digging (14)
Scrolls
 j - 3 scrolls of amnesia
 k - 2 scrolls of remove curse
 m - a scroll of recharging
 n - a scroll of identify
Books
 c - a book of the Tempests

   Spells                             Type                      Level
   a - Static Discharge               Conjuration/Air              3
   b - Lightning Bolt                 Conjuration/Air              5
   c - Fireball                       Conjuration/Fire             5
   d - Tornado                        Air                          9
   e - Shatter                        Earth                        9
 d - a book of Changes

   Spells                             Type                      Level
   a - Beastly Appendage              Transmutation                1
   b - Sticks to Snakes               Transmutation                2
   c - Spider Form                    Transmutation/Poison         3
   d - Ice Form                       Ice/Transmutation            4
   e - Blade Hands                    Transmutation                5
 l - a book of Hinderance

   Spells                             Type                      Level
   a - Confusing Touch                Hexes                        2
   b - Confuse                        Hexes                        3
   c - Petrify                        Transmutation/Earth          4
   d - Metabolic Englaciation         Hexes/Ice                    5
   e - Gell's Gravitas                Hexes/Translocation          5
   f - Summon Mana Viper              Hexes/Summoning              5
Comestibles
 a - 6 bread rations
 g - a slice of pizza
 i - a beef jerky
 r - 3 meat rations
 z - 5 fruits


   Skills:
 + Level 4.3 Fighting
 + Level 3.1 Dodging
 + Level 4.7 Unarmed Combat
 * Level 4.2 Spellcasting
 + Level 4.3 Transmutations
 + Level 1.3 Invocations


You had 2 spell levels left.
You knew the following spells:

 Your Spells              Type           Power        Failure   Level  Hunger
a - Beastly Appendage     Trmt           ###...       12%         1    None
b - Spider Form           Trmt/Pois      #.........   45%         3    ###....
c - Ice Form              Ice/Trmt       #.......     91%         4    ####...
d - Blade Hands           Trmt           ###.......   96%         5    ######.


Dungeon Overview and Level Annotations

Branches:
Dungeon (6/15)
 Temple: D:4-7

Altars:
Kikubaaqudgha
Makhleb
Nemelex Xobeh
Ru
Trog

Annotations:
D:6 Menkaure


Innate Abilities, Weirdness & Mutations

You cannot wear boots.
You can spit poison.
((Your serpentine skin is tough (AC +2).))
You have supernaturally acute eyesight.
((Armour fits poorly on your strangely shaped body.))
((Your system is resistant to poisons.))
((You cover ground very slowly.))


Message History

You kill the kobold!
Makhleb accepts your kill.
Unknown command.
Unknown command.
Unknown command.
Unknown command.
ATTACK MOVE TO (1,0)
You have got your breath back.
Menkaure completely misses you.
Items here: %% ( )) | Unknown command.
Unknown command.
Unknown command.
Unknown command.
Use which ability? (? or * to list)
Press: ? - help, Shift-Dir - straight line, f - Menkaure
Aim: Menkaure (fast)
The splash of poison hits Menkaure.
Menkaure completely resists.
You feel slightly more hungry. Menkaure hits you!!
You die...

.####.# ## #.######
###......####.
#...#..#......
#.#...#...#### #
#./..#..#.# .###
#.#.#..#..# ....#
#.....#...######.....#
#.#..#..#((((.sM.....#
#.#.#..#.%.#####.....#
......#....# ....#
##...#..#..# ####
#..#..#...# ....#...##
..#.[#.# .#..# #


You could see Menkaure.

Table legend:
 A = Turns spent in this place as a percentage of turns spent in the entire game.
 B = Non-inter-level travel turns spent in this place as a percentage of non-inter-level travel turns spent in the entire game.
 C = Inter-level travel turns spent in this place as a percentage of turns spent in this place.
 D = Turns resting spent in this place as a percentage of non-inter-level travel turns spent in this place.
 E = Turns spent auto-exploring this place as a percentage of non-inter-level travel turns spent in this place.
 F = Non-inter-level travel turns spent in this place divided by the number of levels of this place that you've seen.
                   A       B       C       D       E      F
               +-------+-------+-------+-------+-------+----------------------
         Total | 100.0 | 100.0 |   0.6 |   3.1 |   2.4 | 1448.7
       Dungeon | 100.0 | 100.0 |   0.6 |   3.1 |   2.4 | 1448.7
               +-------+-------+-------+-------+-------+----------------------

Table legend:
 A = Kills in this place as a percentage of kills in entire the game.
 B = Kills by you in this place as a percentage of kills by you in the entire game.
 C = Kills by friends in this place as a percentage of kills by friends in the entire game.
 D = Other kills in this place as a percentage of other kills in the entire game.
 E = Experience gained in this place as a percentage of experience gained in the entire game.
 F = Experience gained in this place divided by the number of levels of this place that you have seen.
                   A       B       C       D       E      F
               +-------+-------+-------+-------+-------+----------------------
         Total | 100.0 | 100.0 |  -nan |  -nan | 100.0 | 220.2
       Dungeon | 100.0 | 100.0 |  -nan |  -nan | 100.0 | 220.2
               +-------+-------+-------+-------+-------+----------------------

Vanquished Creatures
  An ice beast (D:5)
  A sky beast (D:6)
  2 ogres
  A centaur (D:6)
  A giant frog (D:3)
  A jelly (D:6)
  2 orc priests
  Crazy Yiuf (D:2)
  A worker ant (D:5)
  2 orc wizards
  Jessica (D:2)
  A worker ant zombie (D:5)
  6 adders
  2 worms
  An adder skeleton (D:4)
  An ooze (D:6)
  13 orcs
  4 giant cockroaches
  18 goblins
  7 hobgoblins
  12 jackals
  10 kobolds
  5 quokkas
  2 ball pythons (D:2)
  13 bats
  6 giant geckos
  5 giant newts (D:2)
  9 rats
129 creatures vanquished.

Notes
Turn   | Place    | Note
--------------------------------------------------------------
     0 | D:1      | gw, the Naga Transmuter, began the quest for the Orb.
     0 | D:1      | Reached XP level 1. HP: 18/18 MP: 3/3
   110 | D:1      | Reached XP level 2. HP: 11/25 MP: 1/4
  1047 | D:1      | Reached XP level 3. HP: 29/31 MP: 4/6
  1071 | D:1      | Learned a level 3 spell: Spider Form
  1436 | D:2      | Noticed Crazy Yiuf
  1444 | D:2      | Killed Crazy Yiuf
  1444 | D:2      | Reached XP level 4. HP: 20/39 MP: 6/8
  1595 | D:2      | Learned a level 4 spell: Ice Form
  1902 | D:2      | Noticed Jessica
  1909 | D:2      | Killed Jessica
  2494 | D:2      | Reached XP level 5. HP: 21/45 MP: 10/10
  3065 | D:2      | Learned a level 4 spell: Ice Form
  3909 | D:3      | Reached XP level 6. HP: 41/55 MP: 13/13
  4398 | D:3      | Found a sacrificial altar of Ru.
  4876 | D:4      | Found an ancient bone altar of Kikubaaqudgha.
  4876 | D:4      | Found a bloodstained altar of Trog.
  5416 | D:4      | Reached skill level 4 in Unarmed Combat
  5571 | D:5      | Entered Level 5 of the Dungeon
  5641 | D:5      | Reached XP level 7. HP: 62/62 MP: 13/15
  5671 | D:5      | Learned a level 5 spell: Blade Hands
  6250 | D:5      | Found a burning altar of Makhleb.
  6253 | D:5      | Became a worshipper of Makhleb the Destroyer
  6267 | D:5      | Found a sparkling altar of Nemelex Xobeh.
  6648 | D:6      | Noticed Menkaure
  6650 | D:6      | Reached skill level 1 in Invocations
  6650 | D:6      | Reached XP level 8. HP: 28/72 MP: 14/18
  6659 | D:6      | Demolished by Menkaure

Action                   |  1- 3 |  4- 6 |  7- 9 || total
-------------------------+-------+-------+-------++-------
Melee: Unarmed           |    79 |   202 |    43 ||   324
Throw: Stone             |    11 |    24 |    14 ||    49
       Tomahawk          |     2 |    57 |    15 ||    74
 Cast: Beastly Appendage |    23 |    47 |     9 ||    79
       Spider Form       |       |     1 |     5 ||     6
 Abil: Spit Poison       |     2 |     6 |    10 ||    18
  Use: Scroll            |     2 |     6 |     1 ||     9
       Potion            |       |     4 |     3 ||     7
 Stab: Distracted        |       |     1 |       ||     1
  Eat: Chunk             |     2 |    14 |     4 ||    20

Vault maps used:
D:1:      lightli_arrival_quake
D:2:      uniq_crazy_yiuf_cottage, uniq_jessica
D:3:      first_bread, minmay_tree_intersection, minmay_misc_feat_rows,
          roderic_roman_lattice, nicolae_ru_great_annihilating_truth
D:4:      gammafunk_temple_overflow_wave, minmay_ogre_servants
D:5:      lemuel_crystal_altar, nemelex_lonely_heart_becter
D:6:      old_standard_altar, grunt_temple_overflow_open,
          minmay_misc_feat_diagonals, minmay_hedge_maze, tgw_fedhas,
          uniq_menkaure, uniq_eustachio, uniq_duvessa, uniq_grinder
